 Dungeon Crawl Stone Soup version 0.22-a0-253-gf9d0ce5 (webtiles) character file.

61 matakusis the Caller (level 3, -5/19 HPs)
             Began as a Deep Elf Summoner on Mar 3, 2018.
             Killed from afar by an orc wizard (8 damage)
             ... with a magic dart
             ... on level 3 of the Dungeon.
             The game lasted 00:11:45 (2352 turns).

matakusis the Caller (Deep Elf Summoner)            Turns: 2352, Time: 00:11:45

Health: -5/19      AC:  2    Str:  5    XL:     3   Next: 83%
Magic:  7/10       EV: 13    Int: 20    God:
Gold:   84         SH:  0    Dex: 15    Spells: 7/10 levels left

rFire    . . .     SeeInvis .   (no weapon)
rCold    . . .     Gourm    .   (no shield)
rNeg     . . .     Faith    .   a - +0 robe
rPois    .         Spirit   .   (no helmet)
rElec    .         Reflect  .   (no cloak)
rCorr    .         Harm     .   (no gloves)
MR       .....                  (no boots)
Stlth    ++........             (no amulet)
HPRegen  0.06/turn              (no ring)
MPRegen  0.12/turn              (no ring)

@: no status effects
A: no striking features
a: no special abilities


You were on level 3 of the Dungeon.
You were hungry.

You visited 1 branch of the dungeon, and saw 3 of its levels.

You collected 84 gold pieces.

Inventory:

Missiles
 b - 60 stones (quivered)
 g - 59 arrows
Armour
 a - a +0 robe (worn)
Scrolls
 f - a scroll of identify
 i - a scroll of magic mapping
 j - a scroll of remove curse
Potions
 d - a potion of resistance
 e - 2 potions of curing
Comestibles
 c - 14 rations
 h - 2 chunks of flesh


   Skills:
 - Level 2.5 Dodging
 - Level 2.4 Stealth
 + Level 4.1 Spellcasting
 * Level 5.5 Summonings


You had 7 spell levels left.
You knew the following spells:

 Your Spells              Type           Power        Failure   Level  Hunger
a - Summon Small Mammal   Summ           ####         1%          1    None
b - Call Imp              Summ           ####....     1%          2    #......


Dungeon Overview and Level Annotations

Branches:
Dungeon (3/15)

Altars:
Elyvilon
Ru


Message History

Something closely misses your crimson imp.
The orc throws an exploding tomahawk.
The exploding tomahawk hits your crimson imp.
The exploding tomahawk explodes!
The explosion of tomahawk fragments engulfs your crimson imp.
The explosion of tomahawk fragments engulfs something.
Your crimson imp closely misses something.
Something closely misses your crimson imp.
The orc throws an exploding tomahawk.
The exploding tomahawk barely misses you.
The exploding tomahawk explodes!
The explosion of tomahawk fragments engulfs you!
You hear a shout!
A magic dart appears from out of thin air!
The magic dart hits you! Something hits you.
* * * LOW HITPOINT WARNING * * *
A magic dart appears from out of thin air!
The magic dart hits you!
You die...

#.###..#######
#.##..........
#.##......####
#.##.#.##.#
#.........#
####.#.##.#
#.#.##.# ###
#.#.##.# ..
#.#@##<# #.
######.#.##.#####.#
#)
#.................#
#.
#.######.##..######
#. #.#
#.##..######## #.
#.#
#....!.........##.
#.#
####..########....
##.##
#........#####.
###...###
##)#####.......


There were no monsters in sight!

Vanquished Creatures
  An orc (D:3)
  2 goblins (D:1)
3 creatures vanquished.

Vanquished Creatures (collateral kills)
  An orc priest (D:3)
  2 adders (D:2)
  A worm (D:2)
  2 leopard geckos
  6 orcs (D:3)
  3 bats
  5 giant cockroaches
  3 goblins
  2 hobgoblins
  4 kobolds
  A quokka (D:2)
  A ball python (D:2)
  3 frilled lizards
  6 rats
40 creatures vanquished.

Grand Total: 43 creatures vanquished

Notes
Turn   | Place    | Note
-------+----------+-------------------------------------------
     0 | D:1      | matakusis the Deep Elf Summoner began the quest for the Orb.
     0 | D:1      | Reached XP level 1. HP: 10/10 MP: 6/6
   605 | D:1      | Reached XP level 2. HP: 15/15 MP: 5/8
   609 | D:1      | Learned a level 2 spell: Call Imp
  1009 | D:2      | Reached skill level 5 in Summonings
  1228 | D:2      | Found a sacrificial altar of Ru.
  1529 | D:2      | Reached XP level 3. HP: 19/19 MP: 3/10
  2173 | D:3      | Found a white marble altar of Elyvilon.
  2352 | D:3      | Killed from afar by an orc wizard

Vault maps used:
D:1:      co_arrival_square_in_a_square_in_a_square
D:2:      lemuel_round_altar
D:3:      elyvilon_altar_4, first_ration, uniq_crazy_yiuf_cottage

Skill      XL: |  1  2  3 |
---------------+----------+-----
Summonings     | 5 |  5.5
Spellcasting   | 4 |  4.1
Dodging        | |  2.5
Stealth        | |  2.4

Action                   || total
-------------------------++-------
Melee: Unarmed           ||    27
 Cast: Summon Small Mamm ||    22
       Call Imp          ||    45
  Use: Scroll            ||     8
  Eat: Chunk             ||     5
Armor: Robe              ||     8
Dodge: Dodged            ||    27

Table legend:
 A = Spawn XP
 B = Non-spawn XP
 C = Spawn XP percentage of total XP
 D = Spawn monster count
 E = Non-spawn monster count
 F = Spawn count percentage of total count
 G = Total turns spent on level
                    A         B        C        D         E        F      G
               +---------+---------+-------+---------+---------+-------+---------
         Total |       0 |      88 |   0.0 |       0 |      43 |   0.0 |  2352
               +---------+---------+-------+---------+---------+-------+---------
           D:1 |       0 |      15 |   0.0 |       0 |      13 |   0.0 |   788
           D:2 |       0 |      27 |   0.0 |       0 |      13 |   0.0 |   904
           D:3 |       0 |      46 |   0.0 |       0 |      17 |   0.0 |   660
               +---------+---------+-------+---------+---------+-------+---------
